 Dungeon Crawl Stone Soup version 0.22-a0-512-g0943f25 (webtiles) character file.

74 DrEnzyme the Magician (level 4, 0/34 HPs)
             Began as a Demonspawn Wanderer on June 18, 2018.
             Succumbed to a kobold's poison
             ... on level 3 of the Dungeon.
             The game lasted 00:12:24 (4629 turns).

DrEnzyme the Magician (Demonspawn Wanderer)         Turns: 4629, Time: 00:12:25

Health: 0/34       AC:  6    Str: 13    XL:     4   Next: 10%
Magic:  8/8        EV: 11    Int: 13    God:
Gold:   91         SH:  0    Dex: 15    Spells: 9/9 levels left

rFire    . . .     SeeInvis .   i - +0 hand axe
rCold    . . .     Gourm    .   (no shield)
rNeg     . . .     Faith    .   p - +0 ring mail
rPois    .         Spirit   .   (no helmet)
rElec    .         Reflect  .   s - +0 cloak
rCorr    .         Harm     .   (no gloves)
MR       .....                  (no boots)
Stlth    +.........             (no amulet)
HPRegen  0.11/turn              (no ring)
MPRegen  0.11/turn              (no ring)

@: lethally poisoned (0 -> -2), berserk cooldown, flying, slowed, very slow
A: powered by pain 1, screaming 1, strong 1
a: no special abilities


You were on level 3 of the Dungeon.
You were not hungry.

You visited 1 branch of the dungeon, and saw 3 of its levels.

You collected 91 gold pieces.

Inventory:

Hand Weapons
 e - a +0 dagger
 i - a +0 hand axe (weapon)
Armour
 d - a +0 robe
 o - a +0 chain mail
 p - a +0 ring mail (worn)
 s - a +0 cloak (worn)
Jewellery
 a - a cursed ring of loudness
Scrolls
 b - a scroll of remove curse {unknown}
 c - a scroll of teleportation
 g - 2 scrolls of identify
 l - a scroll of immolation
 n - a scroll of blinking {unknown}
 q - a scroll of enchant armour {unknown}
Comestibles
 f - 3 rations
 r - a chunk of flesh


   Skills:
 + Level 2.3 Fighting
 - Level 0.1 Short Blades
 + Level 1.5 Axes
   Level 1.0 Crossbows
 + Level 1.3 Armour
 + Level 1.6 Dodging
 - Level 1.0 Stealth
 - Level 3.0 Spellcasting
   Level 2.1 Necromancy
   Level 1.0 Evocations


You had 9 spell levels left.
You didn't know any spells.
Your spell library contained the following spells:

 Spells                   Type           Power        Failure   Level  Hunger
 Magic Dart               Conj           #...         43%         1    #......
 Apportation              Tloc           #.....       43%         1    #......
 Conjure Flame            Conj/Fire      #.......     82%         3    ###....
 Slow                     Hex            #.......     58%         2    ###....
 Mephitic Cloud           Conj/Pois/Air  #.......     82%         3    ###....
 Blink                    Tloc           N/A          58%         2    ###....
 Call Imp                 Summ           #.......     58%         2    ###....
 Lesser Beckoning         Tloc           #.........   82%         3    ###....


Dungeon Overview and Level Annotations

Branches:
Dungeon (3/15)

Altars:
Dithmenos
The Shining One

Annotations:
D:3 4 exclusions


Innate Abilities, Weirdness & Mutations

You sometimes gain a little power by taking damage.
You occasionally shout uncontrollably at your foes.
Your muscles are strong. (Str +2)


Message History

* * * LOW HITPOINT WARNING * * *
You feel sick. The bat barely misses you.
You barely miss the bat. The bat barely misses you.
* * * LOW HITPOINT WARNING * * *
You feel sick. The bat hits you but does no damage.
You are too injured to fight recklessly!
You are too injured to fight recklessly!
You are too injured to fight recklessly!
You are too injured to fight recklessly!
You are too injured to fight recklessly!
You closely miss the bat.
* * * LOW HITPOINT WARNING * * *
You feel sick. The bat hits you but does no damage.
You closely miss the bat. The bat hits you but does no damage.
The bat completely misses you.
* * * LOW HITPOINT WARNING * * *
You feel sick. The bat barely misses you. The bat hits you but does no damage.
The bat hits you but does no damage. x2
You miss the bat.
You die...

###.#####......#.#..#.....####...
......# #.##.#.#....'.....# ..
....#.###.##.#.#.####.......
....................'........
....#.###.##.###..###......#.
###.#.###.##.#....###......# #
#.#.....##.#.#......##.... #
#.########.# #......# #.#
#@.....# . #.# #.b....# # #.#
#......# # #.# #......# # #.#
#........# # #.# .......##### #
#.# .......# .......# .......# ##


You could see a bat.

Vanquished Creatures
  A gnoll (D:1)
  3 oozes
  A worm (D:2)
  2 dart slugs (D:1)
  2 leopard geckos
  An orc (D:3)
  2 ball pythons
  3 giant cockroaches
  6 goblins
  4 hobgoblins
  A quokka (D:3)
  4 bats
  5 frilled lizards
  5 kobolds
  6 rats (D:1)
46 creatures vanquished.

Notes
Turn   | Place    | Note
-------+----------+-------------------------------------------
     0 | D:1      | DrEnzyme the Demonspawn Wanderer began the quest for the Orb.
     0 | D:1      | DrEnzyme set off with: a scroll of teleportation, a +0 robe, a +0 dagger, a ration
     0 | D:1      | Reached XP level 1. HP: 15/15 MP: 4/4
   843 | D:1      | Gained mutation: You sometimes gain a little power by taking damage. [demonic ancestry]
   843 | D:1      | Reached XP level 2. HP: 14/21 MP: 6/6
  1479 | D:1      | Reached skill level 1 in Dodging
  2708 | D:1      | Reached skill level 1 in Axes
  2880 | D:1      | Reached XP level 3. HP: 27/27 MP: 7/7
  2986 | D:2      | Found a glowing golden altar of the Shining One.
  4007 | D:3      | Found a shadowy altar of Dithmenos.
  4144 | D:3      | Reached XP level 4. HP: 33/33 MP: 8/8
  4618 | D:3      | Gained mutation: You occasionally shout uncontrollably at your foes. [potion of mutation]
  4618 | D:3      | Gained mutation: Your muscles are strong. (Str +2) [potion of mutation]
  4625 | D:3      | HP: 1/34 [poisoned by a kobold]
  4629 | D:3      | Succumbed to a kobold's poison

Vault maps used:
D:1:      elethiomel_arrival_shortcut, st_stairs_13
D:2:      first_ration, tso_altar
D:3:      grunt_dithmenos_smoke_and_mirrors, uniq_robin

Skill      XL: |  1  2  3 |
---------------+----------+-----
Dodging        | 1 |  1.6
Axes           | 1 |  1.5
Fighting       | 2 |  2.3
Short Blades   | |  0.1
Crossbows      | |  1.0
Armour         | |  1.3
Stealth        | |  1.0
Spellcasting   | |  3.0
Necromancy     | |  2.1
Evocations     | |  1.0

Action                   |  1- 3 |  4- 6 || total
-------------------------+-------+-------++-------
Melee: Dagger            |    37 |       ||    37
       Hand axe          |   160 |    27 ||   187
  Use: Scroll            |       |     4 ||     4
       Potion            |       |     4 ||     4
 Stab: Sleeping          |     1 |       ||     1
  Eat: Chunk             |     7 |     1 ||     8
       Ration            |     1 |       ||     1
Armor: Robe              |    19 |       ||    19
       Ring mail         |    24 |    14 ||    38
Dodge: Dodged            |   113 |    26 ||   139

Table legend:
 A = Spawn XP
 B = Non-spawn XP
 C = Spawn XP percentage of total XP
 D = Spawn monster count
 E = Non-spawn monster count
 F = Spawn count percentage of total count
 G = Total turns spent on level
                    A         B        C        D         E        F      G
               +---------+---------+-------+---------+---------+-------+---------
         Total |       0 |     107 |   0.0 |       0 |      46 |   0.0 |  4629
               +---------+---------+-------+---------+---------+-------+---------
           D:1 |       0 |      51 |   0.0 |       0 |      21 |   0.0 |  3163
           D:2 |       0 |      31 |   0.0 |       0 |      14 |   0.0 |   844
           D:3 |       0 |      25 |   0.0 |       0 |      11 |   0.0 |   622
               +---------+---------+-------+---------+---------+-------+---------
